AoeStats
← TheQuietRiot

Arabia

506840313Analyzed
1v1 RM · 17d ago on Sep 15, 2026· 20m 42s· 2 players
Game mode
Random Map
Map size
Tiny (2 player)
Population
200
Speed
Normal
Resources
Standard
Victory
Conquest
Starting age
Dark Age
Ending age
Imperial Age
RankedLock teamsTeams togetherTeam positionsShared explorationLock speedFull tech treeHidden civsTurbo modeCheats
Victory
Defeat
🇬🇧 Teutons · United Kingdom
983
+16
🇨🇭 Magyars · Switzerland
982
-16
Shacoca
11:00 Feudal Age
10:53 Loom
11:48 Double-Bit Axe
12:23 Horse Collar
15:25 Scale Barding Armor
22:01 Castle Age
TheQuietRiot
10:05 Feudal Age
8:27 Loom
11:03 Double-Bit Axe
16:55 Castle Age
14:40 Horse Collar
15:10 Gold Mining
16:12 Forging
Connection lost

Rejoining the realm…

Still unreachable

The connection could not be restored.

Session expired

The server has moved on; the page needs a fresh start.